[Event "DFMMLV 2019"]
[Site "Braunfels"]
[Date "2019.06.20"]
[Round "1.23"]
[White "Reich, Kristina"]
[Black "Woniak, Katarzyna"]
[Result "0-1"]
[ECO "B38"]
[WhiteElo "1544"]
[BlackElo "1915"]
[Annotator "NA"]
[PlyCount "62"]
[EventDate "2019.06.20"]
[EventType "team-tourn"]
[EventCountry "GER"]
[SourceTitle "playchess.com"]
[Source "ChessBase"]
[SourceQuality "1"]
[WhiteTeam "Hamburg"]
[TimeControl "40/5400+30:1800+30"]

1. e4 g6 2. d4 Bg7 3. c4 c5 4. Nf3 cxd4 5. Nxd4 Nc6 6. Be3 d6 7. Nc3 Nf6 8. Be2 O-O 9. O-O Nd7 10. Kh1 Nc5 11. Nxc6 bxc6 12. Bxc5 dxc5 13. Rc1 Qc7 14. Qe1 Be5 15. g3 Bh3 16. Rg1 Bd4 17. Bf1 Be6 18. b3 f5 19. Ne2 fxe4 20. Nxd4 cxd4 21. Qxe4 Qd7 22. f3 Rf6 23. Rd1 Rd8 24. Bg2 Bf5 25. Qe2 Re6 26. Qd2 Re3 27. Qxe3 dxe3 28. Rxd7 Rxd7 29. f4 e2 30. Bf3 Be4 31. Bxe4 Rd1 0-1

[Event "DFMMLV 2019"]
[Site "Braunfels"]
[Date "2019.06.20"]
[Round "1.24"]
[White "Spiel, Marianne"]
[Black "Hoelzer, Jeanette"]
[Result "1-0"]
[ECO "C60"]
[WhiteElo "1894"]
[BlackElo "1662"]
[Annotator "NA"]
[PlyCount "61"]
[EventDate "2019.06.20"]
[EventType "team-tourn"]
[EventCountry "GER"]
[SourceTitle "playchess.com"]
[Source "ChessBase"]
[SourceQuality "1"]
[WhiteTeam "Bayern 1"]
[BlackTeam "Hamburg"]
[TimeControl "40/5400+30:1800+30"]

1. e4 e5 2. Nf3 Nc6 3. Bb5 Nge7 4. O-O g6 5. c3 Bg7 6. d4 exd4 7. cxd4 a6 8. Ba4 b5 9. Bc2 O-O 10. h3 Bb7 11. Nc3 Re8 12. Bg5 d6 13. Nd5 Kh8 14. Qd2 Qc8 15. Nf6 Rf8 16. Rad1 Ng8 17. e5 Nce7 18. Ne4 dxe5 19. dxe5 h6 20. Be3 Nf5 21. Bc5 Re8 22. g4 Nfe7 23. Qf4 Bd5 24. Nf6 g5 25. Qe3 Rd8 26. Nxd5 Nxd5 27. Rxd5 Rxd5 28. Qe4 f5 29. Qxd5 c6 30. Qf7 Qe8 31. Qxf5 1-0

[Event "DFMMLV 2019"]
[Site "Braunfels"]
[Date "2019.06.20"]
[Round "1.25"]
[White "Hess, Olena"]
[Black "Bardorz, Jana"]
[Result "1/2-1/2"]
[ECO "E97"]
[WhiteElo "2097"]
[BlackElo "1769"]
[Annotator "NA"]
[PlyCount "103"]
[EventDate "2019.06.20"]
[EventType "team-tourn"]
[EventCountry "GER"]
[SourceTitle "playchess.com"]
[Source "ChessBase"]
[SourceQuality "1"]
[WhiteTeam "NRW"]
[BlackTeam "Bayern 2"]
[TimeControl "40/5400+30:1800+30"]

1. Nf3 Nf6 2. c4 g6 3. Nc3 Bg7 4. e4 d6 5. d4 O-O 6. Be2 e5 7. O-O Nc6 8. d5 Ne7 9. Qc2 Nd7 10. Rd1 f5 11. Ng5 Nf6 12. f3 f4 13. c5 $16 dxc5 14. Ne6 Bxe6 15. dxe6 Qc8 16. Nd5 Nfxd5 17. exd5 b6 18. Bc4 Kh8 19. Bd2 Nf5 20. Rac1 Rd8 21. a3 c6 22. dxc6 Qxc6 23. e7 Nxe7 24. Bd3 Qf6 25. Be4 Rac8 26. Bc3 Nf5 27. Bxf5 Qxf5 28. Qa4 Qf7 29. Re1 Rd5 30. Re4 Qc7 31. Rce1 h6 32. R4e2 Rcd8 33. h3 Qd7 34. Qc2 Qd6 35. Qa4 Rd7 36. Kh2 Re7 37. Re4 Qc7 38. Qc4 Qd6 39. Qa4 g5 40. Qa6 Qc6 41. Kh1 Qd7 42. Kh2 b5 43. Qg6 Qe6 44. Qh5 Kh7 45. h4 Qg6 46. Qg4 gxh4 47. Rxf4 Red7 48. Qxg6+ Kxg6 49. Rxh4 Bf6 50. Rhe4 Re7 51. g4 Bg5 52. Kg2 1/2-1/2

[Event "DFMMLV 2019"]
[Site "Braunfels"]
[Date "2019.06.20"]
[Round "1.26"]
[White "Todorova, Kalina"]
[Black "Plass, Mariana-Camelia"]
[Result "1/2-1/2"]
[ECO "E00"]
[WhiteElo "1796"]
[BlackElo "2042"]
[Annotator "NA"]
[PlyCount "95"]
[EventDate "2019.06.20"]
[EventType "team-tourn"]
[EventCountry "GER"]
[SourceTitle "playchess.com"]
[Source "ChessBase"]
[SourceQuality "1"]
[WhiteTeam "Bayern 2"]
[TimeControl "40/5400+30:1800+30"]

1. d4 Nf6 2. c4 e6 3. Nc3 d5 4. g3 dxc4 5. Bg2 c5 6. d5 exd5 7. Nxd5 Nc6 8. Bf4 Nxd5 9. Bxd5 Qb6 10. Qd2 Be6 11. Bxe6 fxe6 12. Bg5 Nd4 13. Nf3 Nxf3+ 14. exf3 Qb4 15. O-O-O Qxd2+ 16. Rxd2 h6 17. Bf4 Rd8 18. Rxd8+ Kxd8 19. Rd1+ Ke8 20. Be5 Rh7 21. Bc7 Be7 22. Re1 Kd7 23. Bb8 a6 24. Rd1+ Kc8 25. Be5 Bf6 26. f4 Rh8 27. Rd6 Re8 28. Kc2 Bxe5 29. fxe5 Rf8 30. f4 g5 31. Rxe6 gxf4 32. gxf4 Rxf4 33. Rxh6 Re4 34. e6 b5 35. h4 Kd8 36. e7+ Kxe7 37. Rxa6 Rxh4 38. Ra5 b4 39. Rxc5 Rh2+ 40. Kc1 Rh1+ 41. Kc2 Rh2+ 42. Kc1 Rh1+ 43. Kc2 Rh2+ 44. Kc1 b3 45. axb3 cxb3 46. Rc3 Rh1+ 47. Kd2 Rh2+ 48. Kc1 1/2-1/2

[Event "DFMMLV 2019"]
[Site "Braunfels"]
[Date "2019.06.20"]
[Round "1.27"]
[White "Sokolskaja, Victorjja"]
[Black "Alsheimer, Lea"]
[Result "1-0"]
[ECO "C00"]
[WhiteElo "1961"]
[BlackElo "1707"]
[Annotator "NA"]
[PlyCount "111"]
[EventDate "2019.06.20"]
[EventType "team-tourn"]
[EventCountry "GER"]
[SourceTitle "playchess.com"]
[Source "ChessBase"]
[SourceQuality "1"]
[BlackTeam "Bayern 2"]
[TimeControl "40/5400+30:1800+30"]

1. e4 e6 2. d4 d5 3. Bd3 Nf6 4. e5 Nfd7 5. c3 c5 6. Nf3 b5 7. Bxb5 Qb6 8. Be2 Nc6 9. O-O Bb7 10. a3 cxd4 11. cxd4 Rc8 12. Nc3 Na5 13. Na4 Qb3 14. Nd2 Qxd1 15. Rxd1 Be7 16. b4 Nc6 17. Nb3 O-O 18. Be3 a6 19. Rab1 Na7 20. Nbc5 Bc6 21. Bxa6 Bxa4 22. Nxa4 Rb8 23. Rdc1 Nb5 24. Bxb5 Rxb5 25. Rc7 Rd8 26. Nc5 Bxc5 27. dxc5 Nxe5 28. a4 Rbb8 29. Bd4 Nc4 30. f4 Ra8 31. Ra1 Nd2 32. Bc3 Ne4 33. Bd4 Nd2 34. Rd1 Nb3 35. a5 Rdb8 36. Bc3 d4 37. Be1 f6 38. Re7 Ra6 39. Rc7 Kf8 40. Rb1 Nxa5 41. Ra1 Rc6 42. Rd7 Rb7 43. Rxb7 Nxb7 44. Ra8+ Ke7 45. Ra7 Rc7 46. c6 Rxc6 47. Rxb7+ Kd8 48. Rxg7 d3 49. Rg3 Rd6 50. Bd2 e5 51. Re3 Rd5 52. fxe5 fxe5 53. Kf2 Kd7 54. Rh3 Kc6 55. Rxh7 Rd6 56. Rh6 1-0

[Event "DFMMLV 2019"]
[Site "Braunfels"]
[Date "2019.06.20"]
[Round "1.28"]
[White "Pavlov, Liliane"]
[Black "Sokalskaja, Elena"]
[Result "0-1"]
[ECO "D70"]
[WhiteElo "1619"]
[BlackElo "2014"]
[Annotator "NA"]
[PlyCount "102"]
[EventDate "2019.06.20"]
[EventType "team-tourn"]
[EventCountry "GER"]
[SourceTitle "playchess.com"]
[Source "ChessBase"]
[SourceQuality "1"]
[WhiteTeam "Bayern 2"]
[BlackTeam "NRW"]
[TimeControl "40/5400+30:1800+30"]

1. d4 Nf6 2. c4 g6 3. Nf3 Bg7 4. g3 O-O 5. Bg2 d5 6. Nc3 c6 7. b3 Ne4 8. Bb2 Qa5 9. Rc1 dxc4 10. bxc4 c5 11. O-O Nxc3 12. Rxc3 Rd8 13. e3 Nc6 14. Ra3 Qc7 15. Qa1 cxd4 16. exd4 Na5 17. c5 Nc4 18. Rb3 Nxb2 19. Qxb2 Rb8 20. Re1 Be6 21. Rb4 Bd5 22. Ne5 e6 23. f4 h5 24. Bxd5 Rxd5 25. Rb1 Bxe5 26. fxe5 Rd7 27. Qa3 Qd8 28. Qb2 Rc7 29. Qa3 a6 30. Qa4 Qd5 31. Rb6 Qe4 32. R1b4 h4 33. Rxa6 h3 34. Kf2 Qg2+ 35. Ke3 Qxh2 36. Ra8 Qxg3+ 37. Kd2 Qf2+ 38. Kd3 Rcc8 39. Rxb8 Rxb8 40. c6 h2 41. c7 Rf8 42. Qd1 Qxa2 43. Rc4 Rc8 44. Qh1 Qa6 45. Kc3 Qa5+ 46. Kd3 Rxc7 47. Rxc7 Qxc7 48. Qxh2 b5 49. Qd2 Qc4+ 50. Ke4 b4 51. Qg5 Qe2+ 0-1

[Event "DFMMLV 2019"]
[Site "Braunfels"]
[Date "2019.06.20"]
[Round "1.29"]
[White "Schmidt, Andrea"]
[Black "Schaefer, Ann-Kathrin"]
[Result "1/2-1/2"]
[ECO "B32"]
[WhiteElo "2006"]
[BlackElo "1714"]
[Annotator "NA"]
[PlyCount "75"]
[EventDate "2019.06.20"]
[EventType "team-tourn"]
[EventCountry "GER"]
[SourceTitle "playchess.com"]
[Source "ChessBase"]
[SourceQuality "1"]
[WhiteTeam "NRW"]
[TimeControl "40/5400+30:1800+30"]

1. e4 c5 2. Nf3 Nc6 3. d4 cxd4 4. c3 d3 5. c4 e5 6. Bxd3 Be7 7. Nc3 d6 8. Be3 Nf6 9. h3 O-O 10. Rc1 h6 11. a3 a5 12. O-O Nh7 13. Nd5 Be6 14. Qe2 Ng5 15. Nxe7+ Qxe7 16. Rfd1 Nxf3+ 17. Qxf3 Rfd8 18. Qg3 Kh8 19. f4 f6 20. Rc3 Rac8 21. Be2 a4 22. f5 Bf7 23. Qh4 Kh7 24. Bh5 Rd7 25. Bxf7 Qxf7 26. Qg4 Na5 27. c5 dxc5 28. Bxc5 Rxd1+ 29. Qxd1 Nc4 30. Bb4 Nxb2 31. Qc2 Rxc3 32. Qxc3 Nc4 33. Qd3 b5 34. Kh2 Qb7 35. Qg3 Qxe4 36. Qg6+ Kg8 37. Qe8+ Kh7 38. Qg6+ 1/2-1/2

[Event "DFMMLV 2019"]
[Site "Braunfels"]
[Date "2019.06.20"]
[Round "1.30"]
[White "Albayrak, Nese Pinar"]
[Black "Hiebsch, Catalina"]
[Result "0-1"]
[ECO "C64"]
[WhiteElo "1530"]
[BlackElo "1760"]
[Annotator "NA"]
[PlyCount "96"]
[EventDate "2019.06.20"]
[EventType "team-tourn"]
[EventCountry "GER"]
[SourceTitle "playchess.com"]
[Source "ChessBase"]
[SourceQuality "1"]
[TimeControl "40/5400+30:1800+30"]

1. e4 e5 2. Nf3 Nc6 3. Bb5 Bc5 4. c3 d6 5. O-O Bd7 6. d4 exd4 7. cxd4 Bb6 8. Re1 Nge7 9. Bxc6 Bxc6 10. d5 Bd7 11. e5 O-O 12. Bg5 dxe5 13. Bxe7 Qxe7 14. Nxe5 Rfe8 15. Nc3 Bf5 16. Nb5 Rad8 17. Qf3 Bg6 18. Qc3 Qf6 19. Ng4 Qf4 20. Ne3 a6 21. Na3 h6 22. Nac4 Bd4 23. Qc1 Be4 24. Qd2 Bxd5 25. Nxd5 Rxe1+ 26. Qxe1 Rxd5 27. g3 Bxf2+ 28. Qxf2 Qxc4 29. b3 Qd4 30. Rc1 c6 31. Re1 Kf8 32. Re2 Qxf2+ 33. Kxf2 f5 34. h3 Kf7 35. Kf3 Rd3+ 36. Kf4 Kf6 37. Re3 g5+ 38. Kf3 Rxe3+ 39. Kxe3 Ke5 40. a4 Kd5 41. Kd3 a5 42. Ke3 b5 43. axb5 cxb5 44. Kd3 a4 45. bxa4 bxa4 46. Kc3 f4 47. gxf4 gxf4 48. Kd3 a3 0-1

[Event "DFMMLV 2019"]
[Site "Braunfels"]
[Date "2019.06.20"]
[Round "1.31"]
[White "Hoerhold, Karola"]
[Black "Weber, Leonora"]
[Result "0-1"]
[ECO "B24"]
[WhiteElo "1727"]
[BlackElo "1712"]
[Annotator "NA"]
[PlyCount "34"]
[EventDate "2019.06.20"]
[EventType "team-tourn"]
[EventCountry "GER"]
[SourceTitle "playchess.com"]
[Source "ChessBase"]
[SourceQuality "1"]
[WhiteTeam "NRW"]
[BlackTeam "Bayern 2"]
[TimeControl "40/5400+30:1800+30"]

1. e4 c5 2. Nc3 Nc6 3. Bb5 g6 4. Bxc6 bxc6 5. f4 Bg7 6. Nf3 c4 7. O-O Nf6 8. Kh1 Ng4 9. Ng5 h5 10. e5 Qb6 11. Qe2 e6 12. Nce4 Ba6 13. Nd6+ Ke7 14. Nxc4 Bxc4 15. Qxc4 Nf2+ 16. Kg1 Nh3+ 17. Kh1 Qg1+ 0-1

[Event "DFMMLV 2019"]
[Site "Braunfels"]
[Date "2019.06.20"]
[Round "1.32"]
[White "Albayrak, Berrak"]
[Black "Haehnel, Andrea"]
[Result "0-1"]
[ECO "C01"]
[WhiteElo "1491"]
[BlackElo "1746"]
[Annotator "NA"]
[PlyCount "88"]
[EventDate "2019.06.20"]
[EventType "team-tourn"]
[EventCountry "GER"]
[SourceTitle "playchess.com"]
[Source "ChessBase"]
[SourceQuality "1"]
[WhiteTeam "Bayern 2"]
[BlackTeam "NRW"]
[TimeControl "40/5400+30:1800+30"]

1. e4 e6 2. d4 d5 3. exd5 exd5 4. Bd3 Nf6 5. Nf3 Bg4 6. h3 Bh5 7. Bf4 Qe7+ 8. Qe2 Bxf3 9. Qxe7+ Bxe7 10. gxf3 c6 11. Rg1 g6 12. Nd2 Nbd7 13. O-O-O Nh5 14. Bh2 O-O-O 15. Rde1 Rde8 16. c3 f5 17. Re2 f4 18. Rge1 Kd8 19. c4 a6 20. c5 Bf6 21. Nb3 Rxe2 22. Rxe2 Re8 23. Kd2 Rxe2+ 24. Bxe2 Nf8 25. Kc3 Ne6 26. Bf1 Nhg7 27. Bd3 Kc7 28. a4 a5 29. Nxa5 Bxd4+ 30. Kc2 Bxc5 31. Nb3 Bxf2 32. Kd2 Nh5 33. Ke2 Be3 34. Kf1 c5 35. Bb5 c4 36. Na1 Nd4 37. Bg1 Bxg1 38. Kxg1 Nxf3+ 39. Kf2 Nd4 40. Be8 Nf6 41. Bb5 Ne4+ 42. Ke1 f3 43. Be8 f2+ 44. Kf1 Nf3 0-1

[Event "DFMMLV 2019"]
[Site "Braunfels"]
[Date "2019.06.20"]
[Round "1.33"]
[White "Froehlich, Franziska"]
[Black "Steinbacher, Claudia"]
[Result "1-0"]
[ECO "C02"]
[WhiteElo "1820"]
[BlackElo "2080"]
[Annotator "NA"]
[PlyCount "101"]
[EventDate "2019.06.20"]
[EventType "team-tourn"]
[EventCountry "GER"]
[SourceTitle "playchess.com"]
[Source "ChessBase"]
[SourceQuality "1"]
[WhiteTeam "Wuerttemberg 2"]
[TimeControl "40/5400+30:1800+30"]

1. e4 c5 2. c3 e6 3. d4 d5 4. e5 Nc6 5. Nf3 f6 6. exf6 Nxf6 7. Be2 Bd6 8. O-O O-O 9. Nbd2 b6 10. Re1 Qc7 11. Nf1 Bd7 12. Bd3 e5 13. dxe5 Nxe5 14. Nxe5 Bxe5 15. h3 Bc6 16. Bg5 Bf4 17. Bxf4 Qxf4 18. Qd2 Ne4 19. Bxe4 dxe4 20. Qxf4 Rxf4 21. Rad1 Raf8 22. Rd2 Bb5 23. Ne3 Bd3 24. c4 R4f7 25. b3 b5 26. cxb5 Bxb5 27. Rc1 Rc8 28. Rd5 Bd3 29. Rcxc5 Rcf8 30. Rf5 Rxf5 31. Nxf5 a6 32. g4 g6 33. Ne3 Rb8 34. Nd5 Rd8 35. Kg2 Be2 36. Nf6+ Kg7 37. Nxe4 Rd4 38. Rc7+ Kf8 39. Ng5 Rd2 40. Nxh7+ Kg8 41. Nf6+ Kf8 42. h4 Rd6 43. Ne4 Rd4 44. f3 Rd3 45. Ng5 Rd2 46. Kg3 Rxa2 47. h5 gxh5 48. gxh5 Bf1 49. h6 Rg2+ 50. Kf4 Rh2 51. Rc8+ 1-0

[Event "DFMMLV 2019"]
[Site "Braunfels"]
[Date "2019.06.20"]
[Round "1.34"]
[White "Arnhold, Steffi"]
[Black "Yi, Wendy"]
[Result "1-0"]
[ECO "C54"]
[WhiteElo "1996"]
[BlackElo "1820"]
[Annotator "NA"]
[PlyCount "119"]
[EventDate "2019.06.20"]
[EventType "team-tourn"]
[EventCountry "GER"]
[SourceTitle "playchess.com"]
[Source "ChessBase"]
[SourceQuality "1"]
[WhiteTeam "Sachsen"]
[BlackTeam "Wuerttemberg 2"]
[TimeControl "40/5400+30:1800+30"]

1. e4 e5 2. Bc4 Bc5 3. Nf3 Nc6 4. c3 Nf6 5. d3 d6 6. Bb3 Bg4 7. Nbd2 O-O 8. h3 Bh5 9. Qe2 Re8 10. g4 Bg6 11. Nf1 d5 12. Ng3 Qd7 13. Nh4 dxe4 14. dxe4 Kh8 15. Bd2 Rad8 16. Rd1 Qd3 17. Qxd3 Rxd3 18. Bc2 Rd7 19. O-O Red8 20. Nxg6+ hxg6 21. Bg5 Kg8 22. Rxd7 Rxd7 23. Rd1 Kf8 24. Kf1 Ke7 25. Ke2 Rxd1 26. Bxd1 Kd6 27. f3 Nd7 28. b4 Bb6 29. Bb3 f6 30. Bc1 Ne7 31. Nf1 a5 32. Nd2 c6 33. bxa5 Ba7 34. Ba3+ Bc5 35. Bb4 Nc8 36. Bf7 g5 37. Be8 Bxb4 38. cxb4 Nb8 39. Bf7 Na6 40. a3 Kc7 41. Bc4 Nb8 42. Kd3 Ne7 43. Bf7 Nd7 44. Kc3 Nf8 45. a4 Neg6 46. b5 Nf4 47. Kb4 Nd7 48. Bc4 Nb8 49. Bf1 Ne6 50. Nb3 Nd7 51. Bc4 Nf4 52. Nc5 Nxc5 53. Kxc5 Nxh3 54. b6+ Kb8 55. a6 Ng1 56. axb7 Kxb7 57. a5 Nxf3 58. a6+ Kb8 59. a7+ Ka8 60. Kxc6 1-0

[Event "DFMMLV 2019"]
[Site "Braunfels"]
[Date "2019.06.20"]
[Round "1.35"]
[White "Lederer, Leia"]
[Black "Daemering, Katrin"]
[Result "0-1"]
[ECO "B90"]
[WhiteElo "1728"]
[BlackElo "2003"]
[Annotator "NA"]
[PlyCount "90"]
[EventDate "2019.06.20"]
[EventType "team-tourn"]
[EventCountry "GER"]
[SourceTitle "playchess.com"]
[Source "ChessBase"]
[SourceQuality "1"]
[WhiteTeam "Wuerttemberg 2"]
[BlackTeam "Sachsen"]
[TimeControl "40/5400+30:1800+30"]

1. e4 c5 2. Nf3 d6 3. d4 cxd4 4. Nxd4 Nf6 5. Nc3 a6 6. Be3 Qc7 7. Bd3 e6 8. f3 b5 9. Qd2 Nbd7 10. a4 bxa4 11. Rxa4 Qb7 12. b4 Be7 13. O-O Nb6 14. Ra2 e5 15. Nb3 Be6 16. Na5 Qc7 17. Nd5 Nfxd5 18. exd5 Bxd5 19. Ra3 O-O 20. Kh1 Bd8 21. c4 Be6 22. c5 Nd5 23. Be4 Nxe3 24. Qxe3 d5 25. Bd3 Rb8 26. Rb1 Bc8 27. Qe2 Be7 28. Rc3 Bf6 29. Bxa6 e4 30. Rcb3 exf3 31. Rxf3 Bg4 32. Bd3 Rfe8 33. Qf2 Bxf3 34. Qxf3 Qxa5 35. Bxh7+ Kf8 36. h3 Rxb4 37. Rf1 Qxc5 38. Qh5 Rh4 39. Qf5 Rhe4 40. Qh5 Re1 41. Bd3 Rxf1+ 42. Bxf1 g6 43. Qh6+ Bg7 44. Qf4 d4 45. Qf2 Qc1 0-1

[Event "DFMMLV 2019"]
[Site "Braunfels"]
[Date "2019.06.20"]
[Round "1.36"]
[White "Nagel, Verena"]
[Black "Roesler, Hannah Clara Hed"]
[Result "1-0"]
[ECO "D05"]
[WhiteElo "2029"]
[BlackElo "1638"]
[Annotator "NA"]
[PlyCount "55"]
[EventDate "2019.06.20"]
[EventType "team-tourn"]
[EventCountry "GER"]
[SourceTitle "playchess.com"]
[Source "ChessBase"]
[SourceQuality "1"]
[WhiteTeam "Sachsen"]
[TimeControl "40/5400+30:1800+30"]

1. d4 Nf6 2. Nf3 e6 3. e3 d5 4. Bd3 c5 5. b3 Nc6 6. Bb2 b6 7. Nbd2 Bb7 8. O-O Rc8 9. c4 Be7 10. Qe2 O-O 11. Rad1 Nb4 12. Bb1 Qc7 13. Ne5 cxd4 14. exd4 Nd7 15. f4 dxc4 16. bxc4 Nxe5 17. fxe5 Ba6 18. a3 Nc6 19. Rf3 h6 20. Rg3 Bg5 21. Ne4 Qe7 22. Bd3 Rfd8 23. Nxg5 hxg5 24. Qh5 f6 25. Bg6 Qc7 26. Qh7+ Kf8 27. Qh8+ Ke7 28. Qxg7# 1-0

[Event "DFMMLV 2019"]
[Site "Braunfels"]
[Date "2019.06.20"]
[Round "1.37"]
[White "Hoeglauer, Jenny"]
[Black "Just, Anita"]
[Result "0-1"]
[ECO "C15"]
[WhiteElo "1703"]
[BlackElo "1866"]
[Annotator "NA"]
[PlyCount "104"]
[EventDate "2019.06.20"]
[EventType "team-tourn"]
[EventCountry "GER"]
[SourceTitle "playchess.com"]
[Source "ChessBase"]
[SourceQuality "1"]
[WhiteTeam "Wuerttemberg 2"]
[BlackTeam "Sachsen"]
[TimeControl "40/5400+30:1800+30"]

1. e4 e6 2. d4 d5 3. Nc3 Bb4 4. exd5 exd5 5. Nf3 Nc6 6. Bb5 Bg4 7. O-O Bxc3 8. bxc3 Nge7 9. Re1 O-O 10. Ba3 Re8 11. h3 Bd7 12. Qd3 Bf5 13. Bxe7 Nxe7 14. Qxf5 Nxf5 15. Rxe8+ Qxe8 16. Bxe8 Rxe8 17. Kf1 Nd6 18. Rb1 b6 19. Nd2 Kf8 20. a4 a5 21. g4 Re6 22. Rb3 Ke7 23. f3 Kd7 24. Kf2 Kc6 25. Rb1 f5 26. Rd1 f4 27. c4 Re3 28. c5 bxc5 29. dxc5 Nb7 30. Nb3 Nxc5 31. Nxa5+ Kb6 32. Rxd5 Rc3 33. Nb3 Rxc2+ 34. Rd2 Rxd2+ 35. Nxd2 Nxa4 36. Ne4 Nc5 37. h4 Kc6 38. Ng5 h6 39. Nh3 Ne6 40. Ke2 Kd5 41. Kd3 c5 42. Ng1 Nd4 43. h5 c4+ 44. Kc3 Kc5 45. Nh3 Nxf3 46. Nxf4 Ng5 47. Kc2 Kd4 48. Ne2+ Ke3 49. Ng3 Kf4 50. Nf5 Ne6 51. Kd2 Kxg4 52. Ne3+ Kxh5 0-1

[Event "DFMMLV 2019"]
[Site "Braunfels"]
[Date "2019.06.20"]
[Round "1.38"]
[White "Lowke, Kathrin"]
[Black "Zell, Mirjam"]
[Result "1-0"]
[ECO "C70"]
[WhiteElo "1887"]
[BlackElo "1660"]
[Annotator "NA"]
[PlyCount "103"]
[EventDate "2019.06.20"]
[EventType "team-tourn"]
[EventCountry "GER"]
[SourceTitle "playchess.com"]
[Source "ChessBase"]
[SourceQuality "1"]
[WhiteTeam "Sachsen"]
[BlackTeam "Wuerttemberg 2"]
[TimeControl "40/5400+30:1800+30"]

1. e4 e5 2. Nf3 Nc6 3. Bb5 a6 4. Ba4 Bc5 5. O-O b5 6. Bb3 Nf6 7. c3 d6 8. h3 Bb7 9. d4 Ba7 10. Bg5 O-O 11. Bd5 Qc8 12. Bxf6 gxf6 13. Nh4 Ne7 14. Bxb7 Qxb7 15. Qf3 Kg7 16. Rd1 Rg8 17. Rd3 Ng6 18. Nf5+ Kf8 19. Nh6 Rg7 20. Qxf6 Qxe4 21. Re3 Qh4 22. Qxg7+ Kxg7 23. Nf5+ Kf8 24. Nxh4 Nxh4 25. Re4 Ng6 26. dxe5 Nxe5 27. Na3 Nd3 28. Re2 Re8 29. Rxe8+ Kxe8 30. Rb1 Nxf2 31. Kf1 Nd3 32. Ke2 Ne5 33. Nc2 d5 34. Nb4 d4 35. cxd4 Bxd4 36. Nxa6 Bb6 37. Nb4 Kd7 38. Nd5 Bd4 39. Nf6+ Ke7 40. Ne4 Nc4 41. b3 Nd6 42. Nd2 b4 43. Rf1 f6 44. Kd3 Bc3 45. Ne4 Nxe4 46. Kxe4 Ke6 47. Rf5 h6 48. g4 Kd6 49. Kd3 Be5 50. Kc4 Bc3 51. Rh5 Bd2 52. Rd5+ {[%emt 0:00:00] Kxd5+} 1-0

[Event "DFMMLV 2019"]
[Site "Braunfels"]
[Date "2019.06.20"]
[Round "1.39"]
[White "Zell, Hannah"]
[Black "von Keyserlingk, Chanda"]
[Result "1/2-1/2"]
[ECO "B20"]
[WhiteElo "1473"]
[BlackElo "1702"]
[Annotator "NA"]
[PlyCount "65"]
[EventDate "2019.06.20"]
[EventType "team-tourn"]
[EventCountry "GER"]
[SourceTitle "playchess.com"]
[Source "ChessBase"]
[SourceQuality "1"]
[WhiteTeam "Wuerttemberg 2"]
[TimeControl "40/5400+30:1800+30"]

1. e4 c5 2. c4 d6 3. g3 g6 4. Bg2 Bg7 5. Nc3 Nf6 6. Nge2 Nc6 7. d3 Bd7 8. O-O O-O 9. Rb1 Qc8 10. a3 Bh3 11. f4 Bxg2 12. Kxg2 h5 13. Be3 Ng4 14. Bg1 e6 15. Qd2 a6 16. h3 Nh6 17. Be3 f5 18. b4 Nd4 19. Nd1 b6 20. Nf2 Qc6 21. Bxd4 cxd4 22. Kh2 e5 23. Qa2 Kh7 24. Rfc1 Qd7 25. a4 Rfc8 26. a5 b5 27. Rb2 bxc4 28. Rxc4 fxe4 29. Nxe4 Nf5 30. Rxc8 Rxc8 31. Ng5+ Kh8 32. Nf7+ Kh7 33. Ng5+ 1/2-1/2

[Event "DFMMLV 2019"]
[Site "Braunfels"]
[Date "2019.06.20"]
[Round "1.40"]
[White "Gottschall, Ina"]
[Black "Krotsch, Maxi"]
[Result "1-0"]
[ECO "D02"]
[WhiteElo "1637"]
[BlackElo "1109"]
[Annotator "NA"]
[PlyCount "77"]
[EventDate "2019.06.20"]
[EventType "team-tourn"]
[EventCountry "GER"]
[SourceTitle "playchess.com"]
[Source "ChessBase"]
[SourceQuality "1"]
[WhiteTeam "Sachsen"]
[BlackTeam "Wuerttemberg 2"]
[TimeControl "40/5400+30:1800+30"]

1. d4 d5 2. Nf3 Nf6 3. h3 Nc6 4. c3 Bf5 5. Bf4 e6 6. Nbd2 Bd6 7. Ne5 Nh5 8. Nxc6 bxc6 9. Bxd6 Qxd6 10. e4 dxe4 11. Qxh5 Rb8 12. Nc4 Qd5 13. Ne3 Qd7 14. b3 h6 15. Nc4 g6 16. Qd1 Qe7 17. g4 Qh4 18. gxf5 gxf5 19. Qe2 Rb5 20. Rg1 c5 21. Ne5 Ra5 22. Nc6 Ra3 23. O-O-O Qf6 24. Kb2 Rxa2+ 25. Kxa2 Kd7 26. Ne5+ Ke8 27. Qb5+ Kf8 28. Nd7+ Ke7 29. Nxf6 Kxf6 30. Qxc5 Rf8 31. Qe5+ Ke7 32. d5 Rb8 33. Qxc7+ Kf6 34. d6 Rb6 35. Qe7+ Ke5 36. Qxf7 Ra6+ 37. Kb2 Rxd6 38. Qg7+ Kf4 39. Qg3# 1-0

[Event "DFMMLV 2019"]
[Site "Braunfels"]
[Date "2019.06.20"]
[Round "1.41"]
[White "Malachowski, Margrit"]
[Black "Krasnopeyeva, Julia"]
[Result "1/2-1/2"]
[ECO "B20"]
[WhiteElo "2080"]
[BlackElo "1922"]
[Annotator "NA"]
[PlyCount "79"]
[EventDate "2019.06.20"]
[EventType "team-tourn"]
[EventCountry "GER"]
[SourceTitle "playchess.com"]
[Source "ChessBase"]
[SourceQuality "1"]
[BlackTeam "Rheinland Pfalz"]
[TimeControl "40/5400+30:1800+30"]

1. e4 c5 2. b3 Nc6 3. Bb2 e5 4. Bb5 Nd4 5. Be2 Nf6 6. d3 Bd6 7. Nd2 Bc7 8. Ngf3 O-O 9. c3 Nxe2 10. Qxe2 d5 11. O-O Re8 12. Rfe1 d4 13. Rac1 b6 14. cxd4 exd4 15. b4 Nd5 16. bxc5 Nf4 17. Qf1 Ba6 18. Nc4 bxc5 19. g3 Ne6 20. Qe2 Rb8 21. Ba3 Ba5 22. Red1 Bc3 23. Nfe5 Qc7 24. Rb1 f6 25. Nf3 Qd7 26. Rxb8 Rxb8 27. Bc1 Bxc4 28. dxc4 Qb7 29. e5 fxe5 30. Nxe5 Re8 31. Qh5 g6 32. Qg4 Qc7 33. f4 Ng7 34. Qf3 Kf8 35. g4 Qc8 36. h3 Re7 37. Qd5 Ne8 38. Rf1 Nf6 39. Qf3 Qb7 40. Ba3 1/2-1/2

[Event "DFMMLV 2019"]
[Site "Braunfels"]
[Date "2019.06.20"]
[Round "1.42"]
[White "Braje, Monika"]
[Black "Zhang, Fan"]
[Result "1/2-1/2"]
[ECO "C02"]
[WhiteElo "1781"]
[BlackElo "2069"]
[Annotator "NA RC"]
[PlyCount "32"]
[EventDate "2019.06.20"]
[EventType "team-tourn"]
[EventCountry "GER"]
[SourceTitle "playchess.com"]
[Source "ChessBase"]
[SourceQuality "1"]
[WhiteTeam "Rheinland Pfalz"]
[BlackTeam "Baden"]
[TimeControl "40/5400+30:1800+30"]

1. e4 e6 2. d4 d5 3. e5 c5 4. c3 Nc6 5. Nf3 Rb8 6. dxc5 Bxc5 7. Bd3 Nge7 8. Bf4 b5 9. O-O b4 10. Qe2 Ng6 11. Bg3 Qb6 12. Nbd2 O-O 13. c4 Rd8 14. Rfe1 Ba6 15. Rac1 Rbc8 16. b3 Na5 1/2-1/2

[Event "DFMMLV 2019"]
[Site "Braunfels"]
[Date "2019.06.20"]
[Round "1.43"]
[White "Schneider, Birgit"]
[Black "Kalina, Lena"]
[Result "1-0"]
[ECO "B22"]
[WhiteElo "1874"]
[BlackElo "1687"]
[Annotator "NA"]
[PlyCount "67"]
[EventDate "2019.06.20"]
[EventType "team-tourn"]
[EventCountry "GER"]
[SourceTitle "playchess.com"]
[Source "ChessBase"]
[SourceQuality "1"]
[WhiteTeam "Baden"]
[BlackTeam "Rheinland Pfalz"]
[TimeControl "40/5400+30:1800+30"]

1. e4 c5 2. c3 g6 3. d4 cxd4 4. cxd4 d5 5. e5 Bg7 6. Nf3 Bg4 7. Nc3 Nc6 8. Be2 Bxf3 9. Bxf3 e6 10. Be3 Nge7 11. Qd2 Nf5 12. O-O O-O 13. Rac1 f6 14. exf6 Qxf6 15. Ne2 Nfxd4 16. Nxd4 Nxd4 17. Bg4 Nf5 18. Rc2 Rfc8 19. Rfc1 Rxc2 20. Rxc2 Qd8 21. g3 b6 22. Rc6 Qd7 23. Rc2 Rc8 24. Qe2 Rc6 25. Bf3 Qc8 26. Rxc6 Qxc6 27. Kg2 e5 28. b3 e4 29. Bg4 d4 30. Bf4 d3 31. Qd1 Bd4 32. Kf1 Qc5 33. Qe1 Qd5 34. Be3 1-0